 Dungeon Crawl Stone Soup version 0.31-a0-841-g038b102fc3 (webtiles) character file.

Game seed: 9342406525024312749

2597 Kurtz the Cleaver (level 9, 0/126 HPs)
             Began as an Octopode Fighter on Sept 28, 2023.
             Was an Initiate of Okawaru.
             Succumbed to a killer bee's poison
             ... on level 7 of the Dungeon.
             The game lasted 00:10:27 (7784 turns).

Kurtz the Cleaver (Octopode Fighter)                Turns: 7784, Time: 00:10:27

Health: 0/126      AC: 24    Str: 18    XL:     9   Next: 59%
Magic:  9/9        EV:  2    Int: 10    God:    Okawaru [......]
Gold:   215        SH: 12    Dex: 25    Spells: 6/8 levels left

rFire   . . .        a - +0 war axe
rCold   . . .        h - +0 kite shield "Yzushraq" {Contam Will+ Str+2 Dex+4}
rNeg    . . .        n - melded +0 hat
rPois   +            (no amulet)
rElec   .            p - +6 ring of dexterity
rCorr   .            (no ring)
SInv    .            (no ring)
Will    +....        (no ring) Stlth
                     (no ring)
HPRegen 0.41/turn    (no ring)
MPRegen 0.11/turn    (no ring)
                     (no ring)

%: no passive effects
@: berserking, lethally poisoned (0 -> -4), tree-form, very quick
A: stationary, stasis, torment immunity, boosted hp, almost no armour,
(amphibious), 8 rings, (camouflage 1), (gelatinous body 1), (nimble swimmer 1),
(tentacles)
a: Renounce Religion


You were on level 7 of the Dungeon.
You worshipped Okawaru.
Okawaru was noncommittal.
You were a tree.
You visited 1 branch of the dungeon, and saw 8 of its levels.

You collected 346 gold pieces.
You spent 131 gold pieces at shops.

Inventory:

Hand Weapons
 a - a +0 war axe (weapon)
 D - a +0 short sword
Missiles
 d - 35 poisoned darts (quivered)
 I - a throwing net
Armour
 b - a +0 buckler
 h - the +0 kite shield "Yzushraq" (worn) {Contam Will+ Str+2 Dex+4}
   (You acquired it on level 2 of the Dungeon)

   Str+2:     It affects your strength (+2).
   Dex+4:     It affects your dexterity (+4).
   Will+:     It increases your willpower.
   Contam:    It causes magical contamination when unequipped.
 n - a +0 hat (melded)
Jewellery
 p - a +6 ring of dexterity (left branch)
Wands
 y - a wand of charming (7)
Scrolls
 e - a scroll of silence
 g - 2 scrolls of noise
 i - a scroll of enchant armour
 j - a scroll of teleportation
 l - 4 scrolls of immolation {unknown}
 o - a scroll of amnesia {unknown}
 r - 2 scrolls of blinking
 t - 2 scrolls of revelation {unknown}
 u - 2 scrolls of vulnerability {unknown}
 w - a scroll of fear {unknown}
 x - a scroll of poison {unknown}
 B - 2 scrolls of fog {unknown}
 C - 2 scrolls of identify
 E - 3 scrolls of enchant weapon {unknown}
 H - a scroll of torment {unknown}
Potions
 c - 5 potions of might
 f - 2 potions of haste
 q - a potion of degeneration
 s - a potion of ambrosia
 z - a potion of cancellation
 A - a potion of resistance {unknown}
 F - 2 potions of attraction {unknown}
 G - a potion of brilliance {unknown}


   Skills:
 + Level 3.1 Fighting
 * Level 11.4 Axes
 - Level 3.0 Dodging
 * Level 6.3 Shields
 * Level 0.2 Spellcasting
 * Level 0.3 Transmutations
 * Level 1.2 Invocations


You had 6 spell levels left.
You knew the following spells:

 Your Spells              Type           Power      Damage    Failure   Level
a - Wereblood             Tmut           0%         N/A       75%         2

Your spell library contained the following spells:

 Spells                   Type           Power      Damage    Failure   Level
 Apportation              Tloc           0%         N/A       65%         1
 Shock                    Conj/Air       0%         1d3       65%         1
 Jinxbite                 Hex            0%         N/A       80%         2
 Ignite Poison            Fire/Tmut/Pois 0%         N/A       94%         3
 Sigil of Binding         Hex            0%         N/A       95%         3
 Swiftness                Air            0%         N/A       95%         3
 Airstrike                Air            0%         2d(0-16)  100%        4
 Dimensional Bullseye     Hex/Tloc       0%         N/A       100%        4
 Leda's Liquefaction      Hex/Erth       0%         N/A       100%        4
 Sticky Flame             Conj/Fire      0%         2d3       100%        4
 Alistair's Intoxication  Tmut/Pois      0%         N/A       100%        5
 Irradiate                Conj/Tmut      0%         3d11      100%        5
 Lee's Rapid Deconstruct  Erth           0%         3d4*      100%        5
 Bombard                  Conj/Erth      0%         9d1       100%        6
 Ignition                 Fire           0%         3d3       100%        8
 Call Canine Familiar     Summ           Unusable   N/A       N/A         3

Dungeon Overview and Level Annotations

Branches:
Dungeon (8/15)
 Temple: D:4-7         Lair: D:8-11

Altars:
Okawaru
Qazlal
Ru
Vehumet

Shops:
D:3 ?   D:5 *

Annotations:
D:6 exclusions: adder and 2 yaks
D:7 exclusions: downstairs and 1 more exclusion


Innate Abilities, Weirdness & Mutations

You are a tree.
Your roots penetrate the ground, keeping you stationary.
You cannot be teleported.
You are immune to unholy pain and torment.
Your maximum health is greatly increased.
You cannot wear most types of armour.
((You are amphibious.))
You can wear up to eight rings at the same time.
((Your skin changes colour to match your surroundings (Stealth+).))
((Your rubbery body absorbs attacks. (AC +1, EV +1)))
((You are camouflaged when in or above water. (Stealth+)))
((You have tentacles for arms and can constrict up to eight enemies at once.))


Message History

* * * LOW HITPOINT WARNING * * *
You block the killer bee's attack.
The killer bee stings you but does no damage.
You slice the killer bee!!
You kill the killer bee!
Okawaru accepts your kill.
You miss the killer bee.
* * * LOW HITPOINT WARNING * * *
You feel very sick. You block the killer bee's attack.
You cannot move.
You cannot move.
You miss the killer bee.
The killer bee is heavily wounded.
* * * LOW HITPOINT WARNING * * *
You feel sick.
The killer bee stings you but does no damage.
You closely miss the killer bee.
The killer bee is heavily wounded.
* * * LOW HITPOINT WARNING * * *
You feel sick.
The killer bee stings you but does no damage. x2
You miss the killer bee.
The killer bee is heavily wounded.
* * * LOW HITPOINT WARNING * * *
You feel sick. You block the killer bee's attack.
You hit the killer bee.
The killer bee is severely wounded.
* * * LOW HITPOINT WARNING * * *
You feel sick. The killer bee stings you.
* * * LOW HITPOINT WARNING * * *
The killer bee stings you but does no damage.
You slash the killer bee!
You kill the killer bee!
Okawaru accepts your kill.
* * * LOW HITPOINT WARNING * * *
You feel sick.
You cannot move.
You swing at nothing.
You die...

#.....'....# ###.
#.....####.######...
#.....###...........
#.....##...##...#...
#.....##.#.#...###..
#.....##.#..........
#.....#..#...#.).).#
#.†.....##..##.._..#
#.)♣.........#.).).#
#...................
#..............###..
##..............#...
#.................#
#..........########
##+#######.#
#)#######.#
#......##.#


There were no monsters in sight!

Vanquished Creatures
  Grinder (D:5)
  Sigmund (D:3)
  Edmund (D:5)
  A water moccasin (D:7)
  An orc warrior (D:7)
  A sky beast (D:6)
  3 phantoms
  Blork the orc (D:5)
  A kobold brigand (D:5)
  2 bullfrogs (D:7)
  4 scorpions
  4 killer bees
  2 orc priests (D:6)
  5 hounds
  Crazy Yiuf (D:4)
  3 jellies
  A gnoll bouda (D:6)
  Terence (D:3)
  3 iguanas
  Ijyb (D:5)
  3 orc wizards
  12 adders
  8 gnolls
  2 shadow imps
  2 white imps
  An ufetubus (D:5)
  3 worms
  2 dart slugs
  22 orcs
  11 endoplasms
  9 giant cockroaches
  7 goblins
  5 hobgoblins
  4 jackals (D:5)
  5 quokkas
  8 ball pythons
  10 bats
  2 frilled lizards (D:3)
  28 kobolds
  7 rats
189 creatures vanquished.

Notes
Turn   | Place    | Note
-------+----------+-------------------------------------------
     0 | D:1      | Kurtz the Octopode Fighter began the quest for the Orb.
     0 | D:1      | Reached XP level 1. HP: 16/16 MP: 1/1
   187 | D:1      | Reached XP level 2. HP: 21/21 MP: 2/2
   245 | D:1      | Reached skill level 3 in Axes
   615 | D:1      | Reached XP level 3. HP: 26/26 MP: 3/3
   706 | D:1      | Found a faded altar of an unknown god.
   881 | D:2      | Reached skill level 4 in Axes
   903 | D:2      | Reached XP level 4. HP: 23/31 MP: 4/4
  1298 | D:2      | HP: 2/46 [something (5)]
  1309 | D:2      | Reached skill level 5 in Axes
  1309 | D:2      | Reached XP level 5. HP: 19/36 MP: 5/5
  1664 | D:3      | Found a stormy altar of Qazlal.
  1905 | D:3      | Noticed Sigmund
  1935 | D:3      | Found Ittusm's Magic Scroll Shoppe.
  1938 | D:3      | Bought a scroll of blinking for 97 gold pieces
  1938 | D:3      | Bought a scroll of identify for 26 gold pieces
  1947 | D:2      | Identified a scroll of acquirement
  1949 | D:2      | Acquired the +0 kite shield "Yzushraq" {Contam Will+ Str+2
                  | Dex+4}
  2239 | D:3      | Reached skill level 6 in Axes
  2239 | D:3      | Reached XP level 6. HP: 33/42 MP: 6/6
  2291 | D:3      | Killed Sigmund
  2292 | D:3      | Reached skill level 7 in Axes
  2292 | D:3      | Reached XP level 7. HP: 35/46 MP: 7/7
  2516 | D:3      | Noticed Terence
  2526 | D:3      | Killed Terence
  3522 | D:4      | Found a runed translucent door.
  3523 | D:4      | Noticed Crazy Yiuf
  3543 | D:5      | Entered Level 5 of the Dungeon
  3606 | D:6      | Reached skill level 8 in Axes
  3969 | D:6      | Noticed a yak
  4082 | D:5      | Found Olonesuy's CLEARANCE SALE!.
  4088 | D:5      | Reached XP level 8. HP: 52/52 MP: 8/8
  4095 | D:5      | Found a sacrificial altar of Ru.
  4136 | D:5      | Noticed Edmund
  4160 | D:5      | Killed Edmund
  4359 | D:5      | Bought a scroll of identify for 8 gold pieces
  4388 | D:5      | Reached skill level 9 in Axes
  4491 | D:5      | Noticed Ijyb
  4503 | D:5      | Killed Ijyb
  4561 | D:5      | Noticed Grinder
  4571 | D:5      | Killed Grinder
  4572 | D:5      | Reached skill level 5 in Shields
  4802 | D:5      | Noticed Blork the orc
  4811 | D:5      | Killed Blork the orc
  4812 | D:5      | Reached skill level 10 in Axes
  5548 | D:6      | Noticed a yak
  5735 | D:6      | Reached XP level 9. HP: 56/56 MP: 9/9
  6000 | D:6      | Found a radiant altar of Vehumet.
  6579 | D:7      | Found an iron altar of Okawaru.
  6588 | D:7      | Became a worshipper of Warmaster Okawaru
  6828 | D:4      | Killed Crazy Yiuf
  7011 | D:7      | Reached skill level 11 in Axes
  7499 | D:7      | Learned a level 2 spell: Wereblood
  7579 | D:8      | Reached skill level 1 in Invocations
  7780 | D:7      | HP: 6/126 [poisoned by a killer bee]
  7782 | D:7      | HP: 2/126 [killer bee (2)]
  7784 | D:7      | Succumbed to a killer bee's poison

Illustrated notes

Levels and vault maps discovered:
D:1:      reono_arrival_forest_river, layout_basic,
          shapermc_ecumenical_altar_mp_urbaneastern
D:2:      layout_loops_cross, minmay_fractal_squares_gapless_5
D:3:      layout_rooms, mainiacjoe_overflow_chevrons, serial_shops,
          nicolae_shop_real_fake_doors, chequers_serial_rivers_micro_c,
          grunt_decor_junction, minmay_distorted, uniq_terence, uniq_sigmund
D:4:      layout_basic, glass_columns_c, uniq_crazy_yiuf_cottage
D:5:      kennysheep_kobold_camp, layout_cave_pools,
          nicolae_ru_sacrificial_ziggurat, minmay_misc_feat_five,
          nicolae_shop_clearance, uniq_grinder, uniq_blork_the_orc, uniq_edmund,
          uniq_ijyb
D:6:      cheibrodos_two_vegetables, layout_basic, fiery_altar_vehumet,
          minmay_temple_entry_from_below_a
D:7:      layout_basic, okawaru_ov_weapons_minmay
D:8:      layout_cave_pools, minitemple

Skill      XL: |  1  2  3  4  5  6  7  8  9 |
---------------+----------------------------+-----
Axes           | 3 4 5 6 7 8 10 11 | 11.4
Shields        | 4 5 6 |  6.3
Invocations    | 1 |  1.2
Fighting       | |  3.1
Dodging        | |  3.0
Spellcasting   | |  0.2
Transmutations | |  0.3

Action                     |  1- 3 |  4- 6 |  7- 9 || total
---------------------------+-------+-------+-------++-------
  Melee: War axe           |    52 |    98 |   237 ||   387
         Constrict         |    15 |    23 |    55 ||    93
         Tentacles         |     9 |    24 |    57 ||    90
         Punch             |       |       |     4 ||     4
  Throw: Dart              |       |       |    11 ||    11
  Evoke: Wand              |       |       |     2 ||     2
    Use: Potion            |       |     3 |     6 ||     9
         Scroll            |       |     4 |     6 ||    10
   Stab: Sleeping          |     7 |     7 |    12 ||    26
         Distracted        |       |     3 |     2 ||     5
 Armour: Skin              |    23 |    45 |    87 ||   155
  Dodge: Dodged            |    33 |    52 |    74 ||   159
  Block: Buckler           |     8 |     7 |       ||    15
         Kite shield       |       |    20 |   111 ||   131

Table legend: (Time is in decaauts)
 A = Elapsed time spent in this place.
 B = Non-inter-level travel time spent in this place.
 C = Inter-level travel time spent in this place.
 D = Time resting spent in this place.
 E = Time spent auto-exploring this place.
 F = Levels seen in this place.
 G = Mean time per level.
                   A        B        C        D        E       F      G
               +--------+--------+--------+--------+--------+-----+--------+
         Total |   7874 |   7133 |    741 |   1121 |   4545 |   8 |  984.2 |
       Dungeon |   7874 |   7133 |    741 |   1121 |   4545 |   8 |  984.2 |
               +--------+--------+--------+--------+--------+-----+--------+

Top non-repeatable levels by time:
     D:6: 1549 daAuts
     D:4: 1404 daAuts
     D:5: 1291 daAuts
     D:2: 930 daAuts
     D:7: 925 daAuts
     D:1: 895 daAuts
     D:3: 856 daAuts
     D:8: 20 daAuts
